AoeStats
← Samarium

Arena

509109309Analyzed
1v1 RM · 6d ago on Sep 25, 2026· 26m 48s· 2 players
Game mode
Random Map
Map size
Tiny (2 player)
Population
200
Speed
Normal
Resources
Standard
Victory
Conquest
Starting age
Dark Age
Ending age
Imperial Age
RankedLock teamsTeams togetherTeam positionsShared explorationLock speedFull tech treeHidden civsTurbo modeCheats
Victory
Defeat
🇫🇷 Turks · France
822
+13
752
-13
Капитан печенька
11:37 Feudal Age
12:17 Double-Bit Axe
12:14 Horse Collar
16:20 Castle Age
17:47 Bow Saw
19:21 Heavy Plow
23:25 Forging
23:15 Scale Mail Armor
23:37 Gold Mining
23:37 Stone Mining
23:12 Man-at-Arms
23:38 Gambesons
23:53 Squires
23:39 Arson
24:06 Long Swordsman
27:04 Ballistics
Samarium
12:42 Feudal Age
16:45 Castle Age
20:49 Imperial Age
20:43 Double-Bit Axe
22:50 Horse Collar
Connection lost

Rejoining the realm…

Still unreachable

The connection could not be restored.

Session expired

The server has moved on; the page needs a fresh start.